 Dungeon Crawl Stone Soup version 0.23.2-40-g277498a001 (webtiles) character file.

Game seed: 3701910663593221001

30 MisterOstroum the Skirmisher (level 3, -7/30 HPs)
             Began as a Demonspawn Chaos Knight on Sept 13, 2019.
             Was a Plaything of Xom.
             Mangled by a wyvern (10 damage)
             ... on level 2 of the Dungeon.
             The game lasted 00:01:10 (838 turns).

MisterOstroum the Skirmisher (DsCK)                  Turns: 838, Time: 00:01:11

Health: -7/30      AC:  8    Str: 13    XL:     3   Next: 5%
Magic:  3/3        EV:  6    Int: 13    God:    Xom [......]
Gold:   26         SH:  0    Dex: 12    Spells: 2/2 levels left

rFire    . . .     SeeInvis .   a - +0 spear (chaos)
rCold    . . .     Gourm    .   (no shield)
rNeg     . . .     Faith    .   j - +0 chain mail
rPois    .         Spirit   .   (helmet restricted)
rElec    .         Reflect  .   (no cloak)
rCorr    .         Harm     .   (no gloves)
MR       .....                  (no boots)
Stlth    ..........             (no amulet)
HPRegen  0.10/turn              (no ring)
MPRegen  0.08/turn              (no ring)

@: no status effects
A: antennae 1, claws 1
a: Renounce Religion


You were on level 2 of the Dungeon.
You worshipped Xom.
You were a very special plaything of Xom.
You were not hungry.

You visited 1 branch of the dungeon, and saw 2 of its levels.

You collected 26 gold pieces.

Inventory:

Hand Weapons
 a - a +0 spear of chaos (weapon)
 h - a +0 hunting sling
Missiles
 d - 34 stones (quivered)
Armour
 b - a +2 leather armour
 j - a +0 chain mail (worn)
Scrolls
 c - 4 scrolls of identify {unknown}
 g - 2 scrolls of blinking {unknown}
 i - a scroll of remove curse {unknown}
Potions
 f - 3 potions of curing
 l - a potion of mutation {unknown}
 m - a potion of degeneration {unknown}
Comestibles
 e - 2 rations
 k - 2 chunks of flesh


   Skills:
 + Level 4.0 Fighting
 - Level 3.0 Polearms
 - Level 1.7 Armour
 - Level 0.8 Dodging


You had 2 spell levels left.
You didn't know any spells.
Your spell library was empty.

Dungeon Overview and Level Annotations

Branches:
Dungeon (2/15)

Altars:


Innate Abilities, Weirdness & Mutations

You have a pair of small antennae on your head.
You have sharp fingernails.


Message History

Your Fighting skill increases to level 4!
You feel a bit more experienced. The rat bites you but does no damage.
Your chain mail prevents you from hitting the rat.
The rat bites you but does no damage.
You hit the rat.
You kill the rat!
No target in view!
No target in view!
No target in view!
No target in view!
No target in view!
No target in view!
No target in view!
No target in view!
No target in view!
No target in view!
No target in view!
No target in view!
No target in view!
No target in view!
No target in view!
No target in view!
You butcher the rat corpse.
k - 9 chunks of flesh (gained 1)
You see here a rat skeleton. x2
You butcher the bat corpse.
k - 10 chunks of flesh (gained 1)
You see here a bat skeleton. x2
You see here a bat skeleton.
Some of the chunks of flesh in your inventory have rotted away.
There is a stone staircase leading down here.
There is a fountain of clear blue water here.
There is a dry fountain here.
Xom's attention turns to you for a moment.
Nothing appears to happen.
You are now a very special plaything of Xom.
Unknown command.
Done exploring.
Done exploring.
Done exploring.
Done exploring.
No target in view!
(D) Dungeon
Where to? (? - help)
There is a dry fountain here.
There is a dry fountain here.
There is a dry fountain here.
There is a stone staircase leading down here.
You climb downwards.
Found an amethyst potion.
There is a stone staircase leading up here.
m - an amethyst potion
Found an escape hatch in the ceiling.
No target in view!
Found a faded altar of an unknown god.
Found a leather armour.
Some of the chunks of flesh in your inventory have rotted away.
c - 4 scrolls labeled YFENA KYMYZODD (gained 3)
Found a chain mail.
There is a faded altar of an unknown god here.
Some of the chunks of flesh in your inventory have rotted away.
Found a stone staircase leading down.
No target in view!
Found a mace.
You now have 26 gold pieces (gained 6).
You see here a mace.
A worm comes into view.
A worm is nearby!
Attack whom?
Press: ? - help, Dir - move target cursor, f - worm
Aim: a worm You reach to attack!
You hit the worm but do no damage. You hit the worm.
The worm is poisoned.
The worm is lightly wounded.
You hit the worm.
The worm looks as sick as possible!
The worm is lightly wounded.
The worm bites you.
You hit the worm.
Space bends around the worm.
The worm is heavily wounded. "This might be better!"
The worm evaporates and reforms as a wyvern!
The wyvern bites you.
Unknown command.
Unknown command.
The wyvern bites you!
A shower of butterflies erupts from you!
Unknown command.
You swap places.
The wyvern completely misses your butterfly.
The wyvern barely misses you.
Press: ? - help, v - describe, . - travel
Here: a wyvern (lightly wounded)
The floor.
It was a potion of curing.
You feel better.
Xom is highly amused!
The wyvern bites you!
* * * LOW HITPOINT WARNING * * *
The wyvern bites you!
You die...
Xom howls with laughter!

.#...##.######.#####.#
#_#..................###
.#...##.##.###.#.###....
...........###....##..#
.#.###.................
..[# #.[######....##..
##.# #..# #.#)## . ##.#
#..######.#.# ...#
#.........#@#
.......#########l#
.####### #b# # #b# #.#
#.## #..# ##.# .#


You could see a wyvern.

Vanquished Creatures
  A dart slug (D:1)
  A leopard gecko (D:1)
  2 giant cockroaches (D:1)
  3 goblins (D:1)
  5 hobgoblins (D:1)
  2 jackals (D:1)
  3 bats (D:1)
  A frilled lizard (D:1)
  2 kobolds (D:1)
  3 rats (D:1)
23 creatures vanquished.

Vanquished Creatures (others)
  A giant cockroach (D:1)
1 creature vanquished.

Grand Total: 24 creatures vanquished

Notes
Turn   | Place    | Note
-------+----------+-------------------------------------------
     0 | D:1      | MisterOstroum the Demonspawn Chaos Knight began the quest
                  | for the Orb.
     0 | D:1      | Reached XP level 1. HP: 18/18 MP: 1/1
   178 | D:1      | Gained mutation: You have a pair of small antennae on your
                  | head. [demonic ancestry]
   178 | D:1      | Reached XP level 2. HP: 24/24 MP: 2/2
   322 | D:1      | XOM: silly message
   573 | D:1      | Gained mutation: You have sharp fingernails. [demonic
                  | ancestry]
   573 | D:1      | Reached XP level 3. HP: 30/30 MP: 3/3
   618 | D:1      | Reached skill level 4 in Fighting
   715 | D:1      | XOM: harmless Hex miscast
   769 | D:2      | Found a faded altar of an unknown god.
   831 | D:2      | Noticed a wyvern
   831 | D:2      | a worm changed into a wyvern
   831 | D:2      | XOM: polymorph worm -> wyvern
   832 | D:2      | XOM: butterfly on damage
   838 | D:2      | Mangled by a wyvern

Skill      XL: |  1  2  3 |
---------------+----------+-----
Polearms       | 3 |  3.0
Fighting       | 4 |  4.0
Armour         | |  1.7
Dodging        | |  0.8

Action                   || total
-------------------------++-------
Melee: Spear             ||    69
  Use: Potion            ||     1
 Stab: Paralysed         ||     1
Armor: Leather armour    ||     5
       Chain mail        ||    35
Dodge: Dodged            ||    17
